AoeStats
← TrexerT

Arabia

508462002Analyzed
1v1 RM · 9d ago on Sep 22, 2026· 35m 11s· 2 players
Game mode
Random Map
Map size
Tiny (2 player)
Population
200
Speed
Normal
Resources
Standard
Victory
Conquest
Starting age
Dark Age
Ending age
Imperial Age
RankedLock teamsTeams togetherTeam positionsShared explorationLock speedFull tech treeHidden civsTurbo modeCheats
Victory
Defeat
🇦🇺 Random · Australia
977
+17
🇷🇴 Random · Romania
989
-17
GREENEYES
2:32 Loom
10:36 Feudal Age
11:12 Double-Bit Axe
11:42 Town Watch
19:58 Castle Age
18:16 Horse Collar
18:53 Stone Mining
19:35 Gold Mining
20:05 Bloodlines
20:02 Fletching
20:49 Husbandry
26:46 Ballistics
27:03 Heavy Plow
27:38 Bow Saw
28:04 Crossbowman
31:16 Stone Shaft Mining
31:42 Vendel Legacy
32:51 Scale Barding Armor
32:44 Bodkin Arrow
32:43 Treadmill Crane
34:55 Wheelbarrow
TrexerT
10:59 Feudal Age
22:53 Castle Age
20:42 Man-at-Arms
22:23 Double-Bit Axe
28:14 Forging
28:28 Squires
32:43 Ballistics
31:46 Long Swordsman
34:14 Bloodlines
34:05 Husbandry
33:26 Light Cavalry
Connection lost

Rejoining the realm…

Still unreachable

The connection could not be restored.

Session expired

The server has moved on; the page needs a fresh start.